 Dungeon Crawl Stone Soup version 0.22-a0-482-g76e0a5f (webtiles) character file.

47 Amnesiac the Grave Robber (level 3, 0/29 HPs)
             Began as a Mummy Necromancer on June 17, 2018.
             Killed from afar by a kobold (18 damage)
             ... with a wand of acid (12)
             ... on level 4 of the Dungeon.
             The game lasted 00:01:24 (844 turns).

Amnesiac the Grave Robber (Mummy Necromancer)        Turns: 844, Time: 00:01:24

Health: 0/29       AC:  2    Str: 11    XL:     3   Next: 48%
Magic:  0/7        EV: 12    Int: 15    God:
Gold:   45         SH:  0    Dex: 12    Spells: 6/7 levels left

rFire    x . .     SeeInvis .   (no weapon)
rCold    + . .     Gourm    .   (no shield)
rNeg     + + +     Faith    .   a - +0 robe
rPois    ∞         Spirit   .   (no helmet)
rElec    .         Reflect  .   (no cloak)
rCorr    .         Harm     .   (no gloves)
MR       .....                  (no boots)
Stlth    ++........             (no amulet)
HPRegen  0.09/turn              (no ring)
MPRegen  0.10/turn              (no ring)

@: no status effects
A: no food or potions, fire vulnerability, cold resistance 1, negative energy
resistance 3, torment resistance, unbreathing
a: no special abilities


You were on level 4 of the Dungeon.
You were not hungry.

You visited 1 branch of the dungeon, and saw 4 of its levels.

You collected 45 gold pieces.

Inventory:

Armour
 a - a +0 robe (worn)
Scrolls
 b - 2 scrolls of remove curse {!r, unknown}
 c - a scroll of enchant weapon {!r, unknown}


   Skills:
 + Level 3.2 Fighting
 - Level 1.5 Dodging
 - Level 1.5 Stealth
 - Level 2.6 Spellcasting
 - Level 4.0 Necromancy


You had 6 spell levels left.
You knew the following spells:

 Your Spells              Type           Power        Failure   Level  Hunger
a - Pain                  Necr           ##..         4%          1    N/A

Your spell library contained the following spells:

 Spells                   Type           Power        Failure   Level  Hunger
 Animate Dead             Necr           N/A          36%         4    N/A
 Animate Skeleton         Necr           N/A          4%          1    N/A
 Vampiric Draining        Necr           ##........   12%         3    N/A
 Regeneration             Chrm/Necr      #.........   26%         3    N/A

Dungeon Overview and Level Annotations

Branches:
Dungeon (4/15)
 Temple: D:4-7

Altars:


Innate Abilities, Weirdness & Mutations

You do not eat or drink.
Your flesh is vulnerable to fire.
You are immune to poison.
Your flesh is cold resistant. (rC+)
You are immune to negative energy. (rN+++)
You are immune to unholy pain and torment.
You can survive without breathing.


Message History

Confirm with . or Enter, or press ? or * to list all spells.
Aiming: Pain (safe; 4% risk of failure)
Press: ? - help, Shift-Dir - straight line, f/p - worker ant
Aim: a worker ant (severely wounded, chance to defeat MR: 77%)
The worker ant writhes in agony!
The worker ant completely misses you. The worker ant bites you.
Casting: Pain (safe; 4% risk of failure)
Confirm with . or Enter, or press ? or * to list all spells.
You don't have enough magic to cast that spell.
Casting: Pain (safe; 4% risk of failure)
Confirm with . or Enter, or press ? or * to list all spells.
You don't have enough magic to cast that spell.
Casting: Pain (safe; 4% risk of failure)
Confirm with . or Enter, or press ? or * to list all spells.
You don't have enough magic to cast that spell.
Casting: Pain (safe; 4% risk of failure)
Confirm with . or Enter, or press ? or * to list all spells.
You don't have enough magic to cast that spell.
Casting: Pain (safe; 4% risk of failure)
Confirm with . or Enter, or press ? or * to list all spells.
You don't have enough magic to cast that spell.
Casting: Pain (safe; 4% risk of failure)
Confirm with . or Enter, or press ? or * to list all spells.
You don't have enough magic to cast that spell.
Casting: Pain (safe; 4% risk of failure)
Confirm with . or Enter, or press ? or * to list all spells.
You don't have enough magic to cast that spell.
The worker ant barely misses you.
Casting: Pain (safe; 4% risk of failure)
Confirm with . or Enter, or press ? or * to list all spells.
You don't have enough magic to cast that spell.
Casting: Pain (safe; 4% risk of failure)
Confirm with . or Enter, or press ? or * to list all spells.
Aiming: Pain (safe; 4% risk of failure)
Press: ? - help, Shift-Dir - straight line, f/p - worker ant
Aim: a worker ant (almost dead, chance to defeat MR: 77%)
The worker ant writhes in agony!
The worker ant barely misses you.
Casting: Pain (safe; 4% risk of failure)
Confirm with . or Enter, or press ? or * to list all spells.
You don't have enough magic to cast that spell.
The worker ant bites you.
Casting: Pain (safe; 4% risk of failure)
Confirm with . or Enter, or press ? or * to list all spells.
You don't have enough magic to cast that spell.
Casting: Pain (safe; 4% risk of failure)
Confirm with . or Enter, or press ? or * to list all spells.
You don't have enough magic to cast that spell.
Casting: Pain (safe; 4% risk of failure)
Confirm with . or Enter, or press ? or * to list all spells.
You don't have enough magic to cast that spell.
You hit the worker ant.
You kill the worker ant!
Your Fighting skill increases to level 3!
You have reached level 3!
Your experience leads to an increase in your attributes!
Increase (S)trength, (I)ntelligence, or (D)exterity?
You feel clever.
The kobold throws a stone.
The stone hits you.
Unknown command.
The kobold misses you.
You see here a worker ant corpse.
You closely miss the kobold.
The kobold zaps a wand.
The bolt of acid hits you!
Ouch! That really hurt!
You die...

.........####.#
...........##.######.
########.............
#...........####### #
#.####......# ##
#......# .##
.###......# #.#
..........#K# .##
...######.#@# ###.##
#.#(# .....# #.#.#
###..#.#######.#.#
.................#
##############.### #
#.# ##############.#
...............#


You could see a kobold.

Vanquished Creatures
  A worker ant (D:4)
  An adder (D:2)
  A dart slug (D:1)
  A bat (D:2)
  A goblin (D:1)
  3 hobgoblins (D:1)
  A quokka (D:4)
  A ball python (D:3)
  A frilled lizard (D:3)
  2 kobolds (D:1)
  A rat (D:3)
14 creatures vanquished.

Notes
Turn   | Place    | Note
-------+----------+-------------------------------------------
     0 | D:1      | Amnesiac the Mummy Necromancer began the quest for the Orb.
     0 | D:1      | Reached XP level 1. HP: 13/13 MP: 4/4
    39 | D:1      | Reached skill level 1 in Fighting
    91 | D:1      | Reached XP level 2. HP: 19/22 MP: 0/5
   709 | D:4      | Noticed a phantom
   842 | D:4      | Reached XP level 3. HP: 18/29 MP: 0/7
   844 | D:4      | Killed from afar by a kobold

Vault maps used:
D:1:      lightli_arrival_lavapool
D:2:      grunt_temple_overflow_open, gammafunk_temple_overflow_wave, hex_large
D:3:      first_ration, serial_glass, glass_columns_c, glass_columns_b
D:4:      kennysheep_kobold_camp, vehumet_altar_wand_db

Skill      XL: |  1  2 |
---------------+-------+-----
Fighting       | 1 3 |  3.2
Dodging        | |  1.5
Stealth        | |  1.5
Spellcasting   | |  2.6
Necromancy     | |  4.0

Action                   || total
-------------------------++-------
Melee: Unarmed           ||    16
 Cast: Pain              ||    35
Armor: Robe              ||     3
Dodge: Dodged            ||    20

Table legend:
 A = Spawn XP
 B = Non-spawn XP
 C = Spawn XP percentage of total XP
 D = Spawn monster count
 E = Non-spawn monster count
 F = Spawn count percentage of total count
 G = Total turns spent on level
                    A         B        C        D         E        F      G
               +---------+---------+-------+---------+---------+-------+---------
         Total |       0 |      68 |   0.0 |       0 |      14 |   0.0 |   844
               +---------+---------+-------+---------+---------+-------+---------
           D:1 |       0 |      14 |   0.0 |       0 |       7 |   0.0 |   116
           D:2 |       0 |      15 |   0.0 |       0 |       2 |   0.0 |   520
           D:3 |       0 |       3 |   0.0 |       0 |       3 |   0.0 |    79
           D:4 |       0 |      36 |   0.0 |       0 |       2 |   0.0 |   129
               +---------+---------+-------+---------+---------+-------+---------
